 Dungeon Crawl Stone Soup version 0.21-a0-85-ga0cb861 (webtiles) character file.

2541 Ordine the Carver (level 9, -2/97 HPs)
             Began as an Octopode Fighter on June 25, 2017.
             Was an Initiate of Gozag.
             Slain by a manticore (14 damage)
             ... on level 6 of the Dungeon.
             The game lasted 00:19:05 (6404 turns).

Ordine the Carver (Octopode Fighter)                Turns: 6404, Time: 00:19:05

Health: -2/97      AC: 24    Str: 15    XL:     9   Next: 55%
Magic:  18/18      EV:  2    Int: 13    God:    Gozag
Gold:   709        SH: 10    Dex: 14    Spells: 8/8 levels left

rFire    . . .     SeeInvis .   D - +0 scimitar
rCold    . . .     Gourm    +   b - +1 shield
rNeg     + + +     Faith    .   (helmet currently unavailable)
rPois    +         Spirit   .   g - amulet of the gourmand (curse)
rElec    .         Reflect  .   l - +2 ring of slaying (curse)
rCorr    .         Harm     .   s - ring of wizardry
MR       .....     NoTele   +   y - ring of magical power
Stlth    +.........             (no ring)
HPRegen  0.26/turn              (no ring)
MPRegen  0.16/turn              (no ring)
                                (no ring)
                                (no ring)

@: tree-form
A: almost no armour, stealthy swim, (amphibious), 8 rings, (constrict 8), clever
1
a: Potion Petition, Call Merchant, Bribe Branch, Renounce Religion


You were on level 6 of the Dungeon.
You worshipped Gozag.
Gozag was pleased with you.
You were not hungry.
You were a tree.
You visited 2 branches of the dungeon, and saw 7 of its levels.

You collected 789 gold pieces.
You paid 80 gold pieces to Gozag.

Inventory:

Hand Weapons
 D - a +0 scimitar (weapon)
 E - a +0 quick blade
Armour
 b - a +1 shield (worn)
Jewellery
 g - a cursed amulet of the gourmand (around neck)
 l - a cursed +2 ring of slaying (left branch)
 s - a ring of wizardry (right branch)
 y - a ring of magical power (on tentacle)
Wands
 f - a wand of digging (17/24)
 q - a wand of random effects (29/48)
 C - a wand of disintegration (13/24)
Scrolls
 i - 5 scrolls of recharging
 j - 2 scrolls of magic mapping
 k - a scroll of remove curse
 v - 2 scrolls of immolation
 x - 2 scrolls of amnesia
 z - 2 scrolls of enchant armour
Potions
 c - 3 potions of might
 e - 3 potions of agility
 h - 2 potions of haste
 m - a potion of flight
 o - 2 potions of lignification
 t - a potion of resistance
 B - 2 potions of curing
Books
 p - a book of Cantrips

   Spells                             Type                      Level
   a - Confusing Touch                Hexes                        1
   b - Animate Skeleton               Necromancy                   1
   c - Summon Small Mammal            Summoning                    1
   d - Apportation                    Translocation                1
Comestibles
 d - 5 bread rations
 n - 2 royal jellies
 w - a meat ration
 A - 4 fruits


   Skills:
 + Level 7.7 Fighting
 * Level 10.2 Long Blades
 + Level 4.2 Dodging
 - Level 3.0 Shields


You had 8 spell levels left.
You didn't know any spells.

Dungeon Overview and Level Annotations

Branches:
Dungeon (6/15)             Temple (1/1) D:4

Altars:
Ashenzari
Dithmenos
Elyvilon
Gozag
Hepliaklqana
Makhleb
Qazlal
Trog
Uskayaw
Vehumet
Xom
Yredelemnul
Zin
The Shining One


Innate Abilities, Weirdness & Mutations

You cannot wear most types of armour.
You are very stealthy in the water. (Stealth+)
((You are amphibious.))
You can wear up to eight rings at the same time.
((You can use your tentacles to constrict eight enemies at once.))
((Your skin changes colour to match your surroundings (Stealth+).))
((Your rubbery body absorbs attacks. (AC +1, EV +1)))
((You are partially covered in molten scales. (AC +2)))
Your mind is acute. (Int +2)


Message History

The manticore claws you but does no damage. x2
You block the crimson imp's attack.
Unknown command.
Unknown command.
Unknown command.
You completely miss the manticore.
The manticore is severely wounded.
You block the manticore's attack. The manticore claws you.
* * * LOW HITPOINT WARNING * * *
The manticore claws you.
* * * LOW HITPOINT WARNING * * *
The crimson imp hits you but does no damage.
The crimson imp blinks!
Unknown command.
Unknown command.
Unknown command.
Unknown command.
It was a potion of curing.
You feel better. The manticore bites you!
You die...
Your body crumbles into a pile of gold.

.)..#.....#....(.#......^####
....#.....#....((#.......#
##################.......#
....)......).............#
.........................#
###################......#
..(.#.....#....5.##......#
.§§§#.....#......#########
.#§§#..#..#..###♣#
.#§§#..#..#..#.5H#
.#§§§..#)....#.}§#
[#§§§..#.....#..?#
##################


You could see a manticore and 2 crimson imps.

Vanquished Creatures
  Pikel (D:5)
  The ghost of dricus the Archer, an amateur CeHu (D:4)
  3 orc warriors
  2 ogres
  An ice beast (D:6)
  A slave (D:5)
  2 centaurs (D:6)
  Blork the orc (D:4)
  2 bullfrogs (D:6)
  3 killer bees (D:6)
  4 wights (D:6)
  A crimson imp (D:6)
  A quasit (D:6)
  A hound (D:6)
  6 orc priests
  5 orc wizards
  A bullfrog skeleton (D:6)
  An iguana (D:6)
  2 worker ants (D:6)
  A killer bee zombie (D:6)
  A hound zombie (D:6)
  A worker ant zombie (D:6)
  A howler monkey skeleton (D:6)
  6 adders
  2 worms
  4 dart slugs
  3 leopard geckos
  15 orcs
  15 goblins
  15 hobgoblins
  9 jackals
  3 quokkas
  A ball python (D:2)
  5 bats
  7 frilled lizards
  8 kobolds
  A quokka skeleton (D:5)
  6 rats
143 creatures vanquished.

Notes
Turn   | Place    | Note
-------+----------+-------------------------------------------
     0 | D:1      | Ordine the Octopode Fighter began the quest for the Orb.
     0 | D:1      | Reached XP level 1. HP: 16/16 MP: 1/1
   231 | D:1      | Reached XP level 2. HP: 21/21 MP: 2/2
   667 | D:2      | Reached XP level 3. HP: 24/26 MP: 3/3
   716 | D:2      | Reached skill level 3 in Long Blades
  1074 | D:2      | Found a shadowy altar of Dithmenos.
  1197 | D:2      | Reached XP level 4. HP: 33/33 MP: 4/4
  1799 | D:3      | Learned a level 1 spell: Apportation
  1851 | D:3      | Reached skill level 4 in Long Blades
  1859 | D:3      | Reached XP level 5. HP: 31/37 MP: 5/5
  2309 | D:3      | Reached XP level 6. HP: 38/44 MP: 6/6
  2327 | D:3      | Reached skill level 5 in Long Blades
  2608 | D:4      | Noticed dricus's ghost (amateur CeHu)
  2624 | D:4      | Killed dricus's ghost
  2849 | D:4      | Found a staircase to the Ecumenical Temple.
  2858 | Temple   | Entered the Ecumenical Temple
  3004 | Temple   | Became a worshipper of Gozag Ym Sagoz the Greedy
  3215 | D:4      | Noticed Blork the orc
  3224 | D:4      | Killed Blork the orc
  3224 | D:4      | Reached skill level 5 in Fighting
  3224 | D:4      | Reached skill level 6 in Long Blades
  3224 | D:4      | Reached XP level 7. HP: 42/50 MP: 7/7
  3748 | D:5      | Entered Level 5 of the Dungeon
  3867 | D:5      | Noticed Pikel
  3914 | D:5      | Killed Pikel
  3914 | D:5      | Reached skill level 8 in Long Blades
  3914 | D:5      | Reached XP level 8. HP: 26/57 MP: 8/8
  5102 | D:6      | Reached skill level 9 in Long Blades
  5375 | D:6      | Reached XP level 9. HP: 56/63 MP: 9/9
  5602 | D:6      | HP: 1/64 [orc priest/divine providence (11)]
  6170 | D:6      | Reached skill level 10 in Long Blades
  6392 | D:6      | Noticed a manticore
  6401 | D:6      | HP: 4/97 [manticore (8)]
  6402 | D:6      | Gained mutation: Your mind is acute. (Int +2) [potion of mutation]
  6402 | D:6      | Gained mutation: You are partially covered in molten scales. (AC +2) [potion of mutation]
  6404 | D:6      | Slain by a manticore

Vault maps used:
D:1:      minmay_arrival_four_houses, minmay_stone_trees_small
D:2:      cheibrodos_greedy_goblins, grunt_dithmenos_smoke_and_mirrors,
          first_bread
D:3:      minmay_wonky_spiral
D:4:      minmay_temple_entry_junction, uniq_blork_the_orc
D:5:      uniq_pikel
D:6:      kennysheep_windowed_halls, grunt_ministairs_4, minivault_5,
          minmay_misc_feat_chi
Temple:   nicolae_temple_figure_eight

Skill      XL: |  1  2  3  4  5  6  7  8  9 |
---------------+----------------------------+-----
Long Blades    | 3 4 6 8 9 10 | 10.2
Fighting       | 4 5 6 7 |  7.7
Dodging        | 4 |  4.2
Shields        | |  3.0

Action                   |  1- 3 |  4- 6 |  7- 9 || total
-------------------------+-------+-------+-------++-------
Melee: Long sword        |    63 |    87 |   101 ||   251
       Tentacles         |    22 |    22 |    39 ||    83
       Constrict         |    24 |    25 |    41 ||    90
       Scimitar          |       |       |    73 ||    73
  Use: Scroll            |     9 |     5 |     3 ||    17
       Potion            |       |     1 |     8 ||     9
 Stab: Sleeping          |     6 |     7 |     6 ||    19
       Distracted        |     1 |       |     1 ||     2
  Eat: Chunk             |    12 |    12 |       ||    24
       Meat ration       |       |       |     1 ||     1
Armor: Skin              |     5 |     4 |    40 ||    49
Dodge: Dodged            |    20 |    34 |    52 ||   106
Block: Shield            |    22 |    24 |    72 ||   118
       Rpst.: Long sword |     5 |     3 |    14 ||    22
       Scimitar          |       |       |     8 ||     8
